[Event "TOP 12 Feminin 2023 Phase 1"]
[Site "MULHOUSE, France"]
[Date "2023.05.20"]
[Round "3.1"]
[White "GUICHARD, Pauline"]
[Black "BULMAGA, Irina"]
[Result "1/2-1/2"]
[ECO "D37"]
[WhiteElo "2384"]
[BlackElo "2422"]
[PlyCount "71"]
[EventDate "2023.??.??"]
[WhiteTeam "Asnieres sur Seine"]
[BlackTeam "Cannes"]
[TimeControl "90+30"]

1. d4 {93} Nf6 {19} 2. c4 {28} e6 {7} 3. Nf3 {9} d5 {7} 4. Nc3 {11} Be7 {9} 5.
Bf4 {9} O-O {11} 6. e3 {15} b6 {9} 7. Bd3 {17} dxc4 {21} 8. Bxc4 {6} Ba6 {6} 9.
Qe2 {15} Qc8 {42} 10. O-O {28} Bxc4 {29} 11. Qxc4 {7} c5 {21} 12. dxc5 {14}
Qxc5 {17} 13. Qe2 {17} Nbd7 {25} 14. Rac1 {24} Rfc8 {63} 15. Rfd1 {56} Qc4 {92}
16. Qxc4 {178} Rxc4 {8} 17. g4 {71} Nf8 {453} 18. g5 {989} Nd5 {105} 19. Nxd5 {
658} exd5 {49} 20. Nd4 {11} Ng6 {1248} 21. Nc6 {1250} Nxf4 {603} 22. exf4 {44}
Rxc1 {302} 23. Nxe7+ {53} Kf8 {5} 24. Rxc1 {3} Kxe7 {5} 25. Rc7+ {4} Ke6 {319}
26. Kg2 {580} h6 {1155} 27. h4 {176} hxg5 {55} 28. hxg5 {98} Rd8 {215} 29. Rxa7
{402} d4 {8} 30. Kf1 {28} Rc8 {74} 31. Rb7 {837} Rc1+ {38} 32. Kg2 {426} d3 {
166} 33. Rxb6+ {6} Ke7 {83} 34. Rb7+ {13} Ke8 {47} 35. Rb8+ {7} Ke7 {15} 36.
Rb7+ {5} 1/2-1/2

[Event "TOP 12 Feminin 2023 Phase 1"]
[Site "MULHOUSE, France"]
[Date "2023.05.20"]
[Round "3.2"]
[White "BENDSDORP-DE LABACA, Marlies"]
[Black "GAPONENKO, Inna"]
[Result "1/2-1/2"]
[ECO "A49"]
[WhiteElo "2217"]
[BlackElo "2338"]
[PlyCount "66"]
[EventDate "2023.??.??"]
[WhiteTeam "Cannes"]
[BlackTeam "Asnieres sur Seine"]
[TimeControl "90+30"]

1. d4 {2} Nf6 {13} 2. Nf3 {6} g6 {256} 3. g3 {7} Bg7 {4} 4. Bg2 {4} O-O {7} 5.
O-O {4} d6 {37} 6. b3 {5} e5 {83} 7. dxe5 {5} dxe5 {3} 8. Ba3 {9} Re8 {16} 9.
Qxd8 {519} Rxd8 {6} 10. Bb2 {97} e4 {848} 11. Nfd2 {510} Bf5 {606} 12. Nc4 {194
} Nc6 {170} 13. Nc3 {132} Nd4 {304} 14. Ne3 {431} Ng4 {240} 15. Nxg4 {464} Bxg4
{7} 16. Bxe4 {90} Bxe2 {308} 17. Rfe1 {177} Bf3 {1022} 18. Bd3 {797} Bc6 {262}
19. Re3 {144} Nf3+ {574} 20. Kg2 {65} Ne1+ {7} 21. Kf1 {34} Nxd3 {7} 22. Rxd3 {
71} Rxd3 {25} 23. cxd3 {4} Rd8 {76} 24. Ke2 {357} Re8+ {37} 25. Kd2 {34} Bf3 {
39} 26. a4 {796} a5 {117} 27. Ba3 {35} b6 {55} 28. Rb1 {43} c5 {557} 29. Kc2 {
270} Bd4 {34} 30. Rf1 {60} Bg2 {546} 31. Rd1 {13} Bf3 {6} 32. Rf1 {4} Bg2 {63}
33. Rd1 {3} Bf3 {28} 1/2-1/2

[Event "TOP 12 Feminin 2023 Phase 1"]
[Site "MULHOUSE, France"]
[Date "2023.05.20"]
[Round "3.3"]
[White "IGLESIAS, Yosha"]
[Black "CHOISY, Mathilde"]
[Result "1-0"]
[ECO "A48"]
[WhiteElo "2199"]
[BlackElo "2109"]
[PlyCount "49"]
[EventDate "2023.??.??"]
[WhiteTeam "Asnieres sur Seine"]
[BlackTeam "Cannes"]
[TimeControl "90+30"]

1. d4 {10} Nf6 {7} 2. Nf3 {9} g6 {11} 3. Bf4 {29} Bg7 {16} 4. c3 {9} O-O {154}
5. Nbd2 {43} d6 {768} 6. e4 {66} Nh5 {337} 7. Be3 {286} Nc6 {567} 8. Be2 {151}
e5 {353} 9. O-O {53} Nf4 {399} 10. Bxf4 {28} exf4 {3} 11. a4 {283} h5 {275} 12.
h3 {79} a5 {281} 13. Re1 {167} d5 {699} 14. exd5 {236} Qxd5 {11} 15. Bc4 {21}
Qd8 {461} 16. Qb3 {259} Bf5 {203} 17. Ne4 {203} Bxe4 {162} 18. Rxe4 {6} Qf6 {
100} 19. Qxb7 {365} Ra7 {282} 20. Qb5 {164} Bh6 {399} 21. Qc5 {271} Rb7 {122}
22. Bd5 {55} Rb6 {104} 23. Bxc6 {83} Qxc6 24. Qxc6 {63} Rxc6 25. Ne5 {198} 1-0

[Event "TOP 12 Feminin 2023 Phase 1"]
[Site "MULHOUSE, France"]
[Date "2023.05.20"]
[Round "3.4"]
[White "NEEL, Laura"]
[Black "MOINGT, Anne"]
[Result "0-1"]
[ECO "B23"]
[WhiteElo "1664"]
[BlackElo "2035"]
[PlyCount "82"]
[EventDate "2023.??.??"]
[WhiteTeam "Cannes"]
[BlackTeam "Asnieres sur Seine"]
[TimeControl "90+30"]

1. e4 {2} c5 {5} 2. Nc3 {6} Nc6 {8} 3. Bb5 {5} g6 {18} 4. Bxc6 {9} bxc6 {41} 5.
d4 {28} Bg7 {347} 6. Be3 {838} cxd4 {629} 7. Bxd4 {8} f6 {21} 8. Nf3 {29} Nh6 {
35} 9. e5 {373} O-O {399} 10. exf6 {638} exf6 {26} 11. Bc5 {15} Re8+ {26} 12.
Ne2 {9} Ba6 {107} 13. Be3 {133} f5 {345} 14. c3 {300} Ng4 {197} 15. Qd2 {655}
d5 {179} 16. O-O-O {93} Nxf2 {664} 17. Ned4 {297} Nxh1 {11} 18. Nxc6 {305} Qd6
{417} 19. Nb4 {18} Bb7 {230} 20. Rxh1 {22} Rac8 {159} 21. Kb1 {70} d4 {321} 22.
Nxd4 {677} Bxg2 {186} 23. Rd1 {56} Be4+ {39} 24. Ka1 {11} a5 {132} 25. Bf4 {264
} Qc5 {380} 26. Nd3 {477} Qc4 {59} 27. Nc1 {552} a4 {65} 28. Nce2 {107} Bd5 {
240} 29. b3 {237} axb3 {6} 30. Nxb3 {33} Bf3 {64} 31. Nbd4 {42} Bxe2 {30} 32.
Re1 {38} Bxd4 {103} 33. cxd4 {19} Qc3+ {21} 34. Qxc3 {12} Rxc3 {3} 35. Kb2 {5}
Rcc8 {42} 36. d5 {17} Bc4 {27} 37. Rd1 {12} Re2+ {23} 38. Ka3 {9} Rxa2+ {46}
39. Kb4 {5} Rb2+ {21} 40. Kc3 {35} Rb3+ {5} 41. Kc2 {27} Bxd5+ {13} 0-1

[Event "TOP 12 Feminin 2023 Phase 1"]
[Site "MULHOUSE, France"]
[Date "2023.05.20"]
[Round "3.5"]
[White "MUZYCHUK, Anna"]
[Black "SEBAG, Marie"]
[Result "1-0"]
[ECO "D10"]
[WhiteElo "2504"]
[BlackElo "2430"]
[PlyCount "60"]
[EventDate "2023.??.??"]
[WhiteTeam "Chalons en Champagne"]
[BlackTeam "Bischwiller"]
[TimeControl "90+30"]

1. d4 {3} d5 {90} 2. c4 {7} c6 {6} 3. cxd5 {9} cxd5 {11} 4. Bf4 {7} Nc6 {115}
5. e3 {9} Nf6 {107} 6. Bd3 {17} Bg4 {647} 7. f3 {11} Bd7 {36} 8. Nc3 {109} e6 {
98} 9. g4 {267} Be7 {282} 10. Nge2 {80} Rc8 {155} 11. Ng3 {763} h6 {551} 12. h4
{272} Ng8 {426} 13. h5 {309} a6 {629} 14. O-O {251} Bf6 {388} 15. Rc1 {1085}
Nge7 {470} 16. Bb1 {49} e5 {278} 17. dxe5 {51} Nxe5 {156} 18. Nxd5 {690} Nxd5 {
284} 19. Qxd5 {17} Rxc1 {80} 20. Rxc1 {2} Bc6 {58} 21. Qxd8+ {35} Kxd8 {4} 22.
Kf2 {77} g5 {231} 23. hxg6 {234} Nxg6 {78} 24. Rd1+ {130} Ke8 {31} 25. Bc7 {205
} Bh4 {455} 26. Kg2 {163} Bxg3 {52} 27. Kxg3 {12} Ke7 {17} 28. Bf5 {401} h5 {51
} 29. g5 {29} h4+ {17} 30. Kf2 {204} h3 {57} 1-0

[Event "TOP 12 Feminin 2023 Phase 1"]
[Site "MULHOUSE, France"]
[Date "2023.05.20"]
[Round "3.6"]
[White "JAVAKHISHVILI , Lela"]
[Black "ALEXIEVA, Silvia"]
[Result "0-1"]
[ECO "A28"]
[WhiteElo "2446"]
[BlackElo "2204"]
[PlyCount "110"]
[EventDate "2023.??.??"]
[WhiteTeam "Bischwiller"]
[BlackTeam "Chalons en Champagne"]
[TimeControl "90+30"]

1. c4 {4} e5 {82} 2. Nc3 {14} Nf6 {53} 3. Nf3 {36} Nc6 {17} 4. e3 {187} Bb4 {69
} 5. Qc2 {21} Bxc3 {69} 6. bxc3 {10} O-O {217} 7. d4 {655} e4 {241} 8. Nd2 {45}
Re8 {5} 9. c5 {43} b6 {259} 10. Ba3 {33} Bb7 {163} 11. Be2 {40} Ne7 {195} 12.
g4 {407} bxc5 {761} 13. g5 {224} Nfd5 {6} 14. Bxc5 {196} d6 {367} 15. Ba3 {93}
Nf5 {243} 16. Rg1 {192} c5 {133} 17. dxc5 {52} dxc5 {55} 18. Nb3 {221} Qc7 {256
} 19. Bg4 {582} Nd6 {261} 20. Bxc5 {450} Ba6 {447} 21. O-O-O {235} Bd3 {217}
22. Rxd3 {58} exd3 {3} 23. Qxd3 {6} Ne4 {620} 24. Qxd5 {17} Rad8 {46} 25. Qc4 {
24} Qxh2 {102} 26. Rf1 {308} Qg2 {308} 27. Bf5 {297} Nxc5 {195} 28. Nxc5 {7}
Re5 {18} 29. Bd3 {164} Rc8 {140} 30. Qh4 {427} Rexc5 {77} 31. c4 {460} Qxg5 {95
} 32. Qxh7+ {14} Kf8 {6} 33. Kd2 {67} Qf6 {53} 34. Ke2 {51} g6 {184} 35. Qh6+ {
72} Kg8 {40} 36. Rh1 {83} R8c6 {141} 37. Qh7+ {250} Kf8 {6} 38. Qh6+ {8} Ke7 {
52} 39. Rh4 {70} Ra5 {160} 40. Rf4 {73} Qb2+ {35} 41. Kf1 {53} Rh5 {72} 42.
Re4+ {8} Re6 {20} 43. Rxe6+ {214} Kxe6 {1} 44. Qf8 {6} Qa1+ {34} 45. Ke2 {5}
Qxa2+ {3} 46. Kf3 {7} Qa6 {62} 47. Be4 {140} Qxc4 {49} 48. Qa8 {81} Qc7 {40}
49. Bc6 {67} Kf6 {41} 50. e4 {2} Kg7 {13} 51. Qe8 {59} Re5 {82} 52. Qa8 {1} Rc5
{21} 53. Bd5 {2} Rc2 {21} 54. Qe8 {22} Qc3+ {38} 55. Kg2 {4} Qf6 {7} 0-1

[Event "TOP 12 Feminin 2023 Phase 1"]
[Site "MULHOUSE, France"]
[Date "2023.05.20"]
[Round "3.7"]
[White "PARTAC , Elena"]
[Black "MAISURADZE, Nino"]
[Result "0-1"]
[ECO "B28"]
[WhiteElo "2088"]
[BlackElo "2275"]
[PlyCount "54"]
[EventDate "2023.??.??"]
[WhiteTeam "Chalons en Champagne"]
[BlackTeam "Bioschwiller"]
[TimeControl "90+30"]

1. e4 {114} c5 {5} 2. Nf3 {5} a6 {24} 3. c4 {263} Nc6 {271} 4. Nc3 {233} e5 {
386} 5. d3 {413} d6 {16} 6. Be2 {256} Be7 {372} 7. a3 {368} Rb8 {423} 8. Nd5 {
1138} b5 {363} 9. b3 {1252} f5 {226} 10. exf5 {258} Bxf5 {54} 11. Nxe7 {4}
Ngxe7 {638} 12. Nh4 {62} O-O {219} 13. Nxf5 {5} Nxf5 {18} 14. Bf3 {7} Ncd4 {54}
15. Bd5+ {11} Kh8 {6} 16. O-O {79} bxc4 {654} 17. bxc4 {17} Qh4 {632} 18. Bd2 {
986} Rb2 {206} 19. g3 {157} Qf6 {51} 20. Kh1 {147} Rxd2 {1332} 21. Qxd2 {6} Nb3
{3} 22. Qb2 {77} Nxa1 {5} 23. Rxa1 {97} Nd4 {129} 24. Kg1 {150} g5 {16} 25. Re1
{35} g4 {28} 26. Re3 {20} e4 {44} 27. Qb1 {37} Qxf2+ {16} 0-1

[Event "TOP 12 Feminin 2023 Phase 1"]
[Site "MULHOUSE, France"]
[Date "2023.05.20"]
[Round "3.8"]
[White "BELLAHCENE, Meriem"]
[Black "MORACCHINI, Margaux"]
[Result "1-0"]
[ECO "B51"]
[WhiteElo "1829"]
[BlackElo "1990"]
[PlyCount "145"]
[EventDate "2023.??.??"]
[WhiteTeam "Bischwiller"]
[BlackTeam "Chalons en Champagne"]
[TimeControl "90+30"]

1. e4 {2} c5 {28} 2. Nf3 {5} d6 {15} 3. Bb5+ {6} Nd7 {79} 4. O-O {21} a6 {30}
5. Be2 {12} Ngf6 {165} 6. d3 {9} g6 {94} 7. c3 {29} Bg7 {66} 8. Nbd2 {42} e5 {
411} 9. h3 {136} O-O {79} 10. a4 {230} b6 {270} 11. Qc2 {408} Bb7 {192} 12. Nh2
{481} d5 {379} 13. Bf3 {171} Qc7 {695} 14. Re1 {136} Rac8 {105} 15. Ndf1 {978}
Rfe8 {236} 16. Ne3 {263} d4 {179} 17. cxd4 {122} cxd4 {104} 18. Qxc7 {28} Rxc7
{3} 19. Nc4 {8} Bf8 {19} 20. Bg5 {148} Kg7 {400} 21. Ng4 {444} Nxg4 {89} 22.
Bxg4 {6} Nc5 {89} 23. Be2 {575} f6 {317} 24. Bh4 {134} Nb3 {117} 25. Rab1 {136}
b5 {119} 26. axb5 {298} axb5 {5} 27. Na3 {4} Ba6 {529} 28. Bd1 {555} Nc5 {169}
29. Be2 {179} Na4 {316} 30. b3 {167} Bxa3 {103} 31. bxa4 {5} b4 {11} 32. f4 {
221} exf4 {248} 33. Rf1 {36} g5 {78} 34. Be1 {7} Rb7 {36} 35. Rb3 {29} f5 {180}
36. Bh5 {82} Ree7 {184} 37. exf5 {65} Re3 {87} 38. Bf2 {6} Rxd3 {25} 39. Rxd3 {
29} Bxd3 {5} 40. Bxd4+ {30} Kh6 {20} 41. Bf3 {194} Rd7 {26} 42. Bc5 {3} Bxf5 {
94} 43. a5 {49} Be6 {115} 44. a6 {101} Bc4 {161} 45. Re1 {8} Bxa6 {32} 46. Re6+
{5} Kg7 {5} 47. Rxa6 {9} Rc7 {41} 48. Ra7 {139} Rxa7 {7} 49. Bxa7 {3} b3 {20}
50. Be4 {11} h6 {86} 51. Kf2 {6} Bc1 {20} 52. Ke2 {17} Ba3 {51} 53. Kd2 {20}
Bb4+ {11} 54. Kd3 {28} Be1 {28} 55. Bd5 {17} h5 {25} 56. Bxb3 {5} g4 {13} 57.
Ke4 {53} gxh3 {27} 58. gxh3 {4} h4 {62} 59. Kxf4 {12} Bc3 {18} 60. Kf5 {78} Bb2
{26} 61. Bf2 {20} Bf6 {7} 62. Be1 {2} Bd8 {27} 63. Bc3+ {3} Kh7 {36} 64. Bf7 {
46} Kh6 {45} 65. Bg8 {13} Bb6 {49} 66. Bf6 {56} Bf2 {6} 67. Bf7 {102} Be1 {14}
68. Bg6 {24} Bf2 {9} 69. Be5 {147} Bg3 {30} 70. Bd4 {4} Bc7 {41} 71. Kf6 {80}
Bd8+ {33} 72. Kf7 {4} Kg5 {14} 73. Be3# {10} 1-0

[Event "TOP 12 Feminin 2023 Phase 1"]
[Site "MULHOUSE, France"]
[Date "2023.05.20"]
[Round "3.9"]
[White "KHADEMALSHARIEH, Sarasadat"]
[Black "DJIDJELI, Sarah"]
[Result "1-0"]
[ECO "D37"]
[WhiteElo "2490"]
[BlackElo "2028"]
[PlyCount "73"]
[EventDate "2023.??.??"]
[WhiteTeam "Clichy"]
[BlackTeam "Lyon"]
[TimeControl "90+30"]

1. d4 {3} d5 {4} 2. c4 {14} e6 {6} 3. Nc3 {17} Nf6 {5} 4. Nf3 {53} a6 {4} 5.
cxd5 {24} exd5 {4} 6. Bf4 {7} Bd6 {68} 7. Be5 {62} c6 {362} 8. e3 {771} Bxe5 {1
} 9. dxe5 {40} Nfd7 {222} 10. Qd4 {56} Qe7 {280} 11. e4 {198} dxe4 {421} 12.
Nxe4 {15} O-O {580} 13. O-O-O {137} c5 {323} 14. Qd6 {266} Nc6 {593} 15. Qxe7 {
264} Nxe7 {4} 16. Nd6 {6} Nb6 {28} 17. Bd3 {276} Ng6 {313} 18. Be4 {267} Bg4 {
247} 19. Bxb7 {82} Rab8 {4} 20. Rhe1 {149} Nd7 {229} 21. Bxa6 {423} Bxf3 {263}
22. gxf3 {5} Ndxe5 {2} 23. f4 {425} Nf3 {104} 24. Re3 {372} Nd4 {17} 25. Ne4 {
65} Nxf4 {467} 26. Nxc5 {14} Rfd8 {24} 27. Re4 {114} Nde6 {184} 28. Rxd8+ {10}
Rxd8 {3} 29. Nxe6 {19} Nxe6 {2} 30. Bc4 {22} Rc8 {81} 31. b3 {66} Nc5 {21} 32.
Re7 {115} Nd3+ {40} 33. Kb1 {7} Nxf2 {83} 34. a4 {173} Ng4 {265} 35. a5 {12}
Nh6 {268} 36. a6 {34} Nf5 {4} 37. Rxf7 {25} 1-0

[Event "TOP 12 Feminin 2023 Phase 1"]
[Site "MULHOUSE, France"]
[Date "2023.05.20"]
[Round "3.10"]
[White "ROLLOT, Florence"]
[Black "BENMESBAH, Natacha"]
[Result "0-1"]
[ECO "A16"]
[WhiteElo "2027"]
[BlackElo "2261"]
[PlyCount "110"]
[EventDate "2023.??.??"]
[WhiteTeam "Lyon"]
[BlackTeam "Clichy"]
[TimeControl "90+30"]

1. Nf3 {3} Nf6 {36} 2. c4 {5} g6 {20} 3. g3 {43} Bg7 {6} 4. Bg2 {18} O-O {5} 5.
Nc3 {3} d6 {26} 6. Rb1 {18} a5 {364} 7. d3 {90} Nc6 {108} 8. Bd2 {264} e5 {341}
9. Qc1 {369} Bf5 {925} 10. O-O {351} Qd7 {123} 11. Re1 {62} e4 {207} 12. Nh4 {
424} exd3 {55} 13. Nxf5 {31} Qxf5 {23} 14. e4 {123} Qc5 {736} 15. Be3 {637}
Qxc4 {55} 16. b3 {35} Qe6 {61} 17. Nd5 {341} Qd7 {103} 18. Bh6 {158} Nxd5 {290}
19. Bxg7 {98} Kxg7 {23} 20. exd5 {7} Ne5 {75} 21. f4 {37} Ng4 {26} 22. Qc3+ {
184} Nf6 {179} 23. Qxd3 {0} Rfe8 {133} 24. Qc3 {165} Rxe1+ {0} 25. Rxe1 {290}
a4 {101} 26. b4 {59} h5 {70} 27. h3 {39} Rc8 {253} 28. Kh2 {66} c5 {68} 29.
dxc6 {986} bxc6 {7} 30. Bf3 {455} d5 {79} 31. Qd4 {148} Qd6 {72} 32. Rc1 {181}
Kg8 {196} 33. b5 {30} c5 {29} 34. Qxa4 {8} h4 {166} 35. Qa6 {68} Qd8 {188} 36.
b6 {254} Ra8 {81} 37. Qb5 {9} Rxa2+ {82} 38. Bg2 {148} hxg3+ {437} 39. Kh1 {46}
Qe7 {90} 40. b7 {127} Qe3 {402} 41. b8=Q+ {65} Kh7 {3} 42. Qxc5 {327} Qe2 {75}
43. Qg1 {38} Ne4 {22} 44. Rf1 {41} Rd2 {50} 45. Qb1 {134} Nf2+ {21} 46. Rxf2 {
21} gxf2 {2} 47. Qgf1 {17} Qe3 {29} 48. Qbb5 {123} Qxf4 {70} 49. Bxd5 {10} Qd4
{33} 50. Bf3 {26} Qe3 {23} 51. Qb7 {27} Kg7 {23} 52. Bd5 {51} Rd1 {36} 53.
Qxf7+ {20} Kh6 {1} 54. Qf8+ {19} Kg5 {3} 55. Qxd1 {64} Qxh3# {4} 0-1

[Event "TOP 12 Feminin 2023 Phase 1"]
[Site "MULHOUSE, France"]
[Date "2023.05.20"]
[Round "3.11"]
[White "BROLY , Mathilde"]
[Black "RILLER, Dounia"]
[Result "1-0"]
[ECO "A36"]
[WhiteElo "2115"]
[BlackElo "1771"]
[PlyCount "75"]
[EventDate "2023.??.??"]
[WhiteTeam "Clichy"]
[BlackTeam "Lyon"]
[TimeControl "90+30"]

1. c4 {9} Nf6 {9} 2. g3 {38} c5 {7} 3. Nc3 {119} g6 {32} 4. Bg2 {166} Bg7 {71}
5. e3 {36} Nc6 {149} 6. Nge2 {211} O-O {26} 7. O-O {42} d6 {52} 8. a3 {171} Qb6
{917} 9. d3 {423} Na5 {609} 10. b4 {328} cxb4 {67} 11. axb4 {8} Qxb4 {211} 12.
Bd2 {52} Nxc4 {184} 13. dxc4 {184} Qxc4 {57} 14. Ra4 {107} Qc5 {86} 15. Nd4 {
361} Bd7 {350} 16. Ra2 {133} Rab8 {148} 17. Qa1 {428} a6 {77} 18. Ra5 {131} Qc8
{28} 19. Rc1 {16} Qd8 {305} 20. Ra3 {220} e5 {177} 21. Nf3 {237} Bc6 {173} 22.
Qb1 {445} Nd7 {127} 23. e4 {123} h6 {351} 24. Nd5 {290} f5 {255} 25. Qa2 {353}
Kh7 {25} 26. exf5 {45} Rxf5 {37} 27. Nh4 {32} Bxd5 {758} 28. Qxd5 {122} Nf6 {
162} 29. Qf7 {480} Rxf2 {149} 30. Qxg6+ {29} Kg8 {140} 31. Kxf2 {82} Qb6+ {182}
32. Ke2 {21} Rf8 {197} 33. Nf5 {39} Qb5+ {32} 34. Kd1 {46} Qd7 {113} 35. Bxh6 {
99} Ne8 {102} 36. Bd5+ {12} Kh8 {10} 37. Bxg7+ {7} Nxg7 {16} 38. Qh6# {8} 1-0

[Event "TOP 12 Feminin 2023 Phase 1"]
[Site "MULHOUSE, France"]
[Date "2023.05.20"]
[Round "3.12"]
[White "RAJAU , Ines"]
[Black "BONVALOT, Isabelle"]
[Result "0-1"]
[ECO "B06"]
[WhiteElo "1129"]
[BlackElo "1889"]
[PlyCount "71"]
[EventDate "2023.??.??"]
[WhiteTeam "Lyon"]
[BlackTeam "Clichy"]
[TimeControl "90+30"]

1. e4 g6 2. d4 Bg7 3. Nc3 d6 4. Be3 a6 5. Qd2 b5 6. f3 Bb7 7. h4 h5 8. Nh3 Nd7
9. Ng5 Ngf6 10. a4 b4 11. Ne2 c5 12. c3 Qa5 13. Nf4 {0} cxd4 {44} 14. cxd4 {265
} Rc8 {95} 15. b3 {345} O-O {365} 16. Be2 {271} Rc3 {76} 17. Bd1 {448} Qb6 {165
} 18. O-O {320} Nh7 {247} 19. Ne2 {117} Rcc8 {550} 20. Qd3 {402} a5 {304} 21.
Rb1 {504} Ba6 {35} 22. Qd2 {338} Nxg5 {79} 23. Bxg5 {76} e5 {26} 24. Be3 {77}
exd4 {12} 25. Bxd4 {65} Bxd4+ {8} 26. Qxd4 {143} Qxd4+ {5} 27. Nxd4 {9} Bxf1 {3
} 28. Kxf1 {43} Rc5 {260} 29. Nb5 {123} d5 {18} 30. exd5 {78} Rxd5 {15} 31. f4
{79} Nf6 {210} 32. Bf3 {150} Rd3 {46} 33. Kf2 {103} Rc8 {26} 34. Rb2 {116} Nd5
{202} 35. Nd6 {31} Rc7 {282} 36. Bxd5 {140} 0-1

[Event "TOP 12 Feminin 2023 Phase 1"]
[Site "MULHOUSE, France"]
[Date "2023.05.20"]
[Round "3.14"]
[White "BELENKAYA, Dina"]
[Black "MILLIET, Sophie"]
[Result "1/2-1/2"]
[ECO "C45"]
[WhiteElo "2295"]
[BlackElo "2385"]
[PlyCount "60"]
[EventDate "2023.??.??"]
[WhiteTeam "Monaco"]
[BlackTeam "Grasse"]
[TimeControl "90+30"]

1. e4 e5 2. Nf3 Nc6 3. d4 exd4 4. Nxd4 Nf6 5. Nxc6 bxc6 6. e5 Qe7 7. Qe2 Nd5 8.
g3 g6 9. Bg2 Bg7 10. O-O O-O 11. c4 Nb6 12. Re1 Re8 13. Bf4 Ba6 14. b3 g5 15.
Bd2 Qxe5 16. Qxe5 Rxe5 17. Rxe5 Bxe5 18. Nc3 d5 19. Re1 Bf6 20. a4 Rd8 21. a5
Nd7 22. cxd5 Nc5 23. b4 Nd3 24. Rb1 Bd4 25. Nd1 cxd5 26. b5 Rb8 27. Bxd5 Rxb5
28. Rxb5 Bxb5 29. Bxg5 c6 30. Be4 {0} c5 {717} 1/2-1/2

[Event "TOP 12 Feminin 2023 Phase 1"]
[Site "MULHOUSE, France"]
[Date "2023.05.20"]
[Round "3.15"]
[White "UTA, Adeline"]
[Black "DORNBUSCH , Tatiana"]
[Result "1/2-1/2"]
[ECO "A20"]
[WhiteElo "2116"]
[BlackElo "2246"]
[PlyCount "100"]
[EventDate "2023.??.??"]
[WhiteTeam "Grasse"]
[BlackTeam "Monaco"]
[TimeControl "90+30"]

1. c4 {0} e5 {54330} 2. g3 {19} Nf6 {46} 3. Bg2 {27} d5 {224} 4. cxd5 {75} Nxd5
{4} 5. Nf3 {20} Nc6 {32} 6. O-O {20} Nb6 {199} 7. b3 {70} Be7 {733} 8. Bb2 {54}
f6 {17} 9. d3 {48} O-O {82} 10. Nbd2 {92} Be6 {227} 11. Rc1 {675} a5 {211} 12.
a3 {1079} Qd7 {223} 13. Ne4 {41} Rfd8 {245} 14. Qc2 {410} Qe8 {169} 15. Nfd2 {
716} Nd7 {613} 16. Nc4 {863} Nd4 {619} 17. Bxd4 {316} exd4 {15} 18. Qb2 {60} b5
{284} 19. Ncd2 {219} f5 {38} 20. Nd6 {229} Bxd6 {79} 21. Bxa8 {6} Rxa8 {15} 22.
Qxd4 {69} Be5 {597} 23. Qe3 {81} c5 {37} 24. a4 {101} Bd4 {220} 25. Qf4 {93}
Ne5 {206} 26. axb5 {163} Qxb5 {39} 27. Nc4 {40} Bxc4 {211} 28. bxc4 {10} Qd7 {
15} 29. Rb1 {268} a4 {179} 30. e3 {66} Bc3 {252} 31. d4 {118} Nd3 {68} 32. Qf3
{63} Rc8 {59} 33. Qe2 {203} Nb4 {13} 34. Rfc1 {23} cxd4 {36} 35. exd4 {12} Re8
{25} 36. Qf3 {63} Na2 {193} 37. Rxc3 {39} Nxc3 {5} 38. Qxc3 {11} Ra8 {70} 39.
c5 {76} a3 {17} 40. c6 {35} a2 {31} 41. Ra1 {17} Qd5 {23} 42. c7 {62} Rc8 {9}
43. Qb2 {28} Kf7 {24} 44. Qb8 {32} Qxd4 {52} 45. Rxa2 {26} Qd1+ {17} 46. Kg2 {5
} Qd5+ {27} 47. Kh3 {12} Rxb8 {46} 48. cxb8=Q {15} Qxa2 {4} 49. Qc7+ {34} Kf6 {
19} 50. Qd8+ {19} Ke5 {8} 1/2-1/2

[Event "TOP 12 Feminin 2023 Phase 1"]
[Site "MULHOUSE, France"]
[Date "2023.05.20"]
[Round "3.16"]
[White "LECONTE, Maria"]
[Black "FORESTIER, Carole"]
[Result "1-0"]
[ECO "C10"]
[WhiteElo "2165"]
[BlackElo "2009"]
[PlyCount "61"]
[EventDate "2023.??.??"]
[WhiteTeam "Monaco"]
[BlackTeam "Grasse"]
[TimeControl "90+30"]

1. e4 {9} e6 {5} 2. d4 {77} d5 {7} 3. Nd2 {6} dxe4 {9} 4. Nxe4 {8} Nd7 {8} 5.
g3 {577} Ngf6 {107} 6. Nxf6+ {16} Nxf6 {6} 7. Bg2 {9} c5 {92} 8. Ne2 {518} cxd4
{198} 9. Qxd4 {61} Qxd4 {281} 10. Nxd4 {5} Bc5 {385} 11. Nb3 {366} Bd6 {486}
12. Be3 {515} O-O {674} 13. O-O-O {90} Bc7 {106} 14. h3 {1072} a5 {649} 15. a4
{501} Rb8 {96} 16. Ba7 {25} Ra8 {21} 17. Bc5 {144} Re8 {128} 18. Nd4 {55} Nd7 {
1744} 19. Nb5 {81} Be5 {30} 20. Bd6 {114} Bxd6 {291} 21. Nxd6 {112} Re7 {111}
22. Nxc8 {83} Rxc8 {6} 23. Bxb7 {8} Rb8 {213} 24. Bc6 {38} Nb6 {198} 25. Bb5 {
60} Rc7 {126} 26. Rd3 {289} Kf8 {27} 27. Rhd1 {76} Ke7 {34} 28. Kb1 {143} Nc4 {
123} 29. Rd7+ {33} Rxd7 {18} 30. Rxd7+ {5} Ke8 {40} 31. Rb7+ {7} 1-0

[Event "TOP 12 Feminin 2023 Phase 1"]
[Site "MULHOUSE, France"]
[Date "2023.05.20"]
[Round "3.17"]
[White "MUZYCHUK, Marya"]
[Black "BATSIASHVILI, Nino"]
[Result "0-1"]
[ECO "C79"]
[WhiteElo "2515"]
[BlackElo "2465"]
[PlyCount "108"]
[EventDate "2023.??.??"]
[WhiteTeam "Mulhouse"]
[BlackTeam "Juvisy sur Orge"]
[TimeControl "90+30"]

1. e4 {2} e5 {4} 2. Nf3 {3} Nc6 {5} 3. Bb5 {6} a6 {4} 4. Ba4 {4} Nf6 {7} 5. O-O
{16} d6 {32} 6. Re1 {62} Bd7 {6} 7. c3 {36} g6 {35} 8. d4 {67} Bg7 {8} 9. h3 {
87} O-O {43} 10. Nbd2 {6} Nh5 {57} 11. Nf1 {69} Qe8 {215} 12. Bc2 {160} f5 {358
} 13. exf5 {782} gxf5 {116} 14. dxe5 {288} dxe5 {9} 15. Ng5 {186} Kh8 {258} 16.
g4 {268} fxg4 {751} 17. hxg4 {168} Nf6 {357} 18. f3 {78} h6 {879} 19. Ne4 {211}
Nxe4 {56} 20. Bxe4 {6} Ne7 {16} 21. Ng3 {301} Bc6 {117} 22. Qe2 {148} Rd8 {268}
23. Be3 {1013} Bxe4 {196} 24. fxe4 {67} Ng8 {50} 25. g5 {615} Qg6 {153} 26. Kg2
{58} hxg5 {114} 27. Rh1+ {60} Bh6 {104} 28. Nf5 {104} Rxf5 {201} 29. exf5 Qxf5
{0} 30. Raf1 {21} Qg6 {227} 31. Qc4 {400} Rd7 {197} 32. Qg4 {591} Rg7 {104} 33.
Qf5 {37} Qc6+ {197} 34. Kg3 {9} Qd6 {206} 35. Rd1 {56} Qg6 {198} 36. Qxg6 {132}
Rxg6 {0} 37. Rd5 {8} Kg7 {190} 38. Rxe5 {33} Kf7 {17} 39. Rf1+ {181} Rf6 {28}
40. Rd1 {80} Rd6 {131} 41. Bd4 {87} Kg6 {52} 42. Rde1 {47} Bg7 {153} 43. Re6+ {
51} Rxe6 {22} 44. Rxe6+ {2} Kf5 {53} 45. Re8 {41} Nf6 {28} 46. Re7 {45} Nh5+ {
46} 47. Kf2 {10} Bxd4+ {49} 48. cxd4 {3} Nf4 {27} 49. Rxc7 {28} b5 {26} 50. Rc6
{81} Ke4 {29} 51. Rxa6 {8} Nd3+ {4} 52. Ke2 {18} Nxb2 {5} 53. Rb6 {50} Na4 {6}
54. Rg6 {111} Kxd4 {17} 0-1